 Dungeon Crawl Stone Soup version 0.16.2-12-gd0ad4c3 (webtiles) character file.

2619 schauveau the Geomancer (level 9, -5/59 HPs)
             Began as a Gargoyle Earth Elementalist on Oct 29, 2015.
             Was a Priest of Vehumet.
             Splashed by a brown ugly thing's acid (11 damage)
             ... on level 7 of the Dungeon.
             The game lasted 00:39:52 (6915 turns).

schauveau the Geomancer (GrEE)                      Turns: 6915, Time: 00:39:52

Health: -5/59      AC:  2    Str: 12    XL:     9   Next: 60%
Magic:  28/41      EV: 11    Int: 19    God:    Vehumet [***...]
Gold:   417        SH:  0    Dex: 10    Spells: 6 memorised, 7 levels left

rFire  + . .     SeeInvis .     O - +0 morningstar
rCold  . . .     Clarity  .     t - +1 leather armour {rF+}
rNeg   + . .     SustAb   .     (no shield)
rPois  ∞         Gourm    .     (helmet restricted)
rElec  +         Spirit   .     (no cloak)
rCorr  .         Warding  .     (no gloves)
rMut   .         Stasis   .     e - +2 pair of boots
MR     .....                    (no amulet)
Stlth  ++........               H - ring of magical power
                                E - ring of magical power

@: corroded equipment, not resistant to hostile enchantments, unstealthy
A: antennae 1, mutation resistance 1, negative energy resistance 1, sense
surroundings 1, robust 1, electricity resistance, unbreathing, petrification
resistance, rot immunity, AC +5
a: Renounce Religion


You were on level 7 of the Dungeon.
You worshipped Vehumet.
Vehumet was most pleased with you.
You were hungry.

You visited 2 branches of the dungeon, and saw 8 of its levels.
You also visited: Ossuary.

You collected 417 gold pieces.

Inventory:

Hand weapons
 a - a +0 flail
 n - a +0 dagger
 s - a +5 hand axe
 O - a +0 morningstar (weapon)
Missiles
 b - 110 stones
 v - 12 arrows of flame
 x - 19 poisoned needles
 A - 16 tomahawks (quivered)
 B - 4 silver bolts
 F - 5 needles of sleeping
 L - 24 arrows
Armour
 c - a +1 robe
 e - a +2 pair of boots (worn)
 k - a +0 large shield
 t - a +1 leather armour of fire resistance (worn)
Jewellery
 E - a ring of magical power (left hand)
 G - an uncursed ring of stealth
 H - a ring of magical power (right hand)
Magical devices
 o - a wand of polymorph (7)
 C - a wand of slowing (16)
 J - a wand of enslavement (3)
Scrolls
 q - 2 scrolls of teleportation
 y - a scroll of remove curse
 I - a scroll of amnesia
Potions
 g - 2 potions of cure mutation
 h - 5 potions of cancellation
 l - a potion of restore abilities {unknown}
 m - 7 potions of curing
 p - 2 potions of heal wounds
 r - a potion of agility {unknown}
 u - 4 potions of haste
 w - 3 potions of brilliance
 D - a potion of magic {unknown}
Books
 d - a book of Geomancy

   Spells                             Type                      Level
   a - Sandblast                      Earth                        1
   b - Stoneskin                      Transmutation/Earth          2
   c - Passwall                       Transmutation/Earth          3
   d - Stone Arrow                    Conjuration/Earth            3
   e - Petrify                        Transmutation/Earth          4
   f - Lee's Rapid Deconstruction     Earth                        5
Comestibles
 f - 5 bread rations
 i - 3 fruits
 j - a royal jelly
 M - a meat ration
 N - a slice of pizza


   Skills:
 + Level 5.1 Fighting
 + Level 4.4 Maces & Flails
 - Level 1.5 Dodging
 - Level 2.1 Stealth
 * Level 6.9 Spellcasting
 - Level 3.2 Conjurations
 - Level 0.7 Transmutations
 + Level 3.0 Fire Magic
 + Level 8.6 Earth Magic


You had 7 spell levels left.
You knew the following spells:

 Your Spells              Type           Power        Failure   Level  Hunger
a - Stone Arrow           Conj/Erth      ####..       1%          3    #......
b - Stoneskin             Trmt/Erth      ###.....     3%          2    None
c - Sandblast             Erth           #####.       1%          1    None
d - Lee's Rapid Deconstr  Erth           #####.....   3%          5    #####..
e - Flame Tongue          Conj/Fire      ###..        1%          1    None
f - Searing Ray           Conj           ###...       1%          2    None


Dungeon Overview and Level Annotations

Branches:
Dungeon (7/15)             Temple (1/1) D:4

Altars:
Ashenzari
Cheibriados
Dithmenos
Elyvilon
Fedhas
Gozag
Kikubaaqudgha
Makhleb
Nemelex Xobeh
Okawaru
Qazlal
Ru
Sif Muna
Trog
Vehumet
Xom
Yredelemnul
Zin
The Shining One


Innate Abilities, Weirdness & Mutations

You are resistant to torment.
You are immune to poison.
Your stone body is very resilient (AC +5).
You resist negative energy.
You are resistant to electric shocks.
You can survive without breathing.
You are immune to petrification.
You are immune to rotting.
You have a pair of small antennae on your head.
You are somewhat resistant to further mutation.
You passively map a small area around you.
You are robust (+10% HP).


Message History

The brown ugly thing closely misses you.
You sock the giant cockroach!
You kill the giant cockroach!
Vehumet accepts your kill.
You feel your power returning. The brown ugly thing bites you.
You are splashed with acid!
The acid burns!
The brown ugly thing bites you.
You are splashed with acid!
The acid corrodes your equipment!
The acid burns!
Found a spear.
Things that are here:
a dagger; a club; an orc corpse The brown ugly thing barely misses you.
You closely miss the brown ugly thing. The brown ugly thing bites you.
You are splashed with acid!
The acid burns!
* * * LOW HITPOINT WARNING * * *
You barely miss the brown ugly thing. The brown ugly thing barely misses you.
The brown ugly thing bites you!
* * * LOW HITPOINT WARNING * * *
You are splashed with acid!
The acid corrodes your equipment!
The acid burns!
You die...

* * , , , * * * * , ,,
,,, + , * ** ,
#.############ **. ,
#............####...
#..####.#........... *
.#..####.#.#)#.#.#.#.#
........<#...@u.......
.#..####.##.#)#.#.#.#.
, , #.##..).......) *
#.##........##
#.##.....#### , ,
.......... *
#..........
............ ,
####?##....


You could see a brown ugly thing.

Vanquished Creatures
  Pikel (D:6)
  Joseph (D:7)
  A hungry ghost (D:6)
  An ice beast (D:7)
  2 ogres
  A centaur (D:5)
  Duvessa (D:6)
  A slave (D:6)
  3 water moccasin zombies (Ossuary)
  A scorpion (D:4)
  A centaur zombie (D:6)
  3 hounds
  Dowan (D:6)
  A jelly (D:4)
  A giant frog skeleton (D:3)
  5 orc priests
  3 orc wizards
  4 worker ants
  A centaur skeleton (D:4)
  Natasha (thrice) (D:6)
  An iguana (D:4)
  4 big kobold zombies (Ossuary)
  Ijyb (D:1)
  Jessica (D:3)
  A hound skeleton (D:6)
  A hound zombie (D:5)
  3 mummies
  7 gnolls (D:3)
  4 adders
  4 worms
  9 adder zombies
  2 giant geckos
  3 oozes
  12 orcs
  A bat skeleton (D:4)
  4 giant cockroaches
  4 gnoll zombies (Ossuary)
  15 goblins
  7 hobgoblins
  9 jackals
  7 kobolds
  6 ball pythons
  9 bats
  5 giant newts
  3 hobgoblin zombies (Ossuary)
  A jackal skeleton (D:6)
  A jackal zombie (D:6)
  4 kobold zombies (Ossuary)
  5 orc zombies (Ossuary)
  4 quokkas
  A quokka skeleton (D:4)
  A quokka zombie (D:5)
  10 rats
  A rat zombie (D:6)
187 creatures vanquished.

Notes
Turn   | Place    | Note
--------------------------------------------------------------
     0 | D:1      | schauveau, the Gargoyle Earth Elementalist, began the quest for the Orb.
     0 | D:1      | Reached XP level 1. HP: 10/10 MP: 3/3
   262 | D:1      | Reached XP level 2. HP: 13/15 MP: 1/5
   309 | D:1      | Reached skill level 4 in Earth Magic
   962 | D:2      | Found a glowing golden altar of the Shining One.
   963 | D:2      | Noticed Ijyb
  1027 | D:1      | Killed Ijyb
  1027 | D:1      | Reached XP level 3. HP: 11/19 MP: 1/6
  1034 | D:1      | Learned a level 2 spell: Stoneskin
  1038 | D:1      | Learned a level 3 spell: Stone Arrow
  1401 | D:2      | Reached skill level 5 in Earth Magic
  1433 | D:2      | Found a shadowy altar of Dithmenos.
  1435 | D:2      | Found a bloodstained altar of Trog.
  1540 | D:2      | Reached XP level 4. HP: 24/24 MP: 5/8
  2047 | D:3      | Noticed Jessica
  2053 | D:3      | Killed Jessica
  2053 | D:3      | Reached skill level 1 in Conjurations
  2314 | D:3      | Reached XP level 5. HP: 24/28 MP: 9/11
  2664 | D:3      | Reached skill level 6 in Earth Magic
  2667 | D:3      | Reached XP level 6. HP: 29/32 MP: 7/13
  3069 | D:5      | Entered Level 5 of the Dungeon
  3272 | D:4      | Found a staircase to the Ecumenical Temple.
  3284 | Temple   | Entered the Ecumenical Temple
  3401 | D:4      | Reached skill level 1 in Fighting
  3549 | D:4      | Reached skill level 1 in Maces & Flails
  3797 | D:4      | Reached XP level 7. HP: 27/38 MP: 10/17
  3836 | D:3      | Found a radiant altar of Vehumet.
  3845 | D:3      | Became a worshipper of Vehumet
  4156 | D:4      | Learned a level 5 spell: Lee's Rapid Deconstruction
  4278 | D:4      | Found a runed door.
  4560 | D:5      | Gained mutation: You are somewhat resistant to further mutation. [potion of beneficial mutation]
  4620 | D:5      | Reached skill level 5 in Spellcasting
  4674 | D:5      | Acquired Vehumet's first power
  4674 | D:5      | Offered knowledge of Magic Dart by Vehumet.
  4922 | D:5      | Found a burning altar of Makhleb.
  4923 | D:5      | Found a sparkling altar of Nemelex Xobeh.
  5038 | D:6      | Reached skill level 7 in Earth Magic
  5047 | D:5      | Reached XP level 8. HP: 36/45 MP: 12/20
  5201 | D:6      | Noticed Duvessa
  5204 | D:6      | Noticed Dowan
  5221 | D:6      | Killed Duvessa
  5225 | D:6      | Killed Dowan
  5229 | D:6      | Noticed Natasha
  5231 | D:6      | Killed Natasha
  5252 | D:6      | Noticed Natasha
  5255 | D:6      | Killed Natasha
  5319 | D:6      | Noticed Natasha
  5322 | D:6      | Killed Natasha
  5380 | D:6      | Found a sand-covered staircase.
  5392 | Ossuary  | Entered an ossuary
  5415 | Ossuary  | Offered knowledge of Flame Tongue by Vehumet.
  5421 | Ossuary  | Learned a level 1 spell: Flame Tongue
  5483 | Ossuary  | Reached skill level 1 in Fire Magic
  5749 | Ossuary  | Offered knowledge of Searing Ray by Vehumet.
  5806 | Ossuary  | Gained mutation: You are robust (+10% HP). [potion of mutation]
  5806 | Ossuary  | Gained mutation: You have a pair of small antennae on your head. [potion of mutation]
  5807 | Ossuary  | Gained mutation: You passively map a small area around you. [potion of mutation]
  5834 | D:5      | Acquired Vehumet's second power
  5855 | D:6      | Found a shattered altar of Ashenzari.
  5869 | D:6      | Learned a level 2 spell: Searing Ray
  6039 | D:6      | Found an opulent altar of Gozag.
  6093 | D:6      | Noticed Pikel
  6102 | D:6      | Killed Pikel
  6102 | D:6      | Reached skill level 8 in Earth Magic
  6102 | D:6      | Reached XP level 9. HP: 55/57 MP: 18/23
  6450 | D:7      | Noticed Joseph
  6462 | D:7      | Killed Joseph
  6813 | D:6      | Reached skill level 5 in Fighting
  6904 | D:7      | Noticed a brown ugly thing
  6915 | D:7      | Splashed by a brown ugly thing's acid

Action                   |  1- 3 |  4- 6 |  7- 9 || total
-------------------------+-------+-------+-------++-------
Melee: Unarmed           |     4 |       |       ||     4
       Club              |    12 |    55 |       ||    67
       Rapier            |       |    17 |       ||    17
       Flail             |       |    60 |    15 ||    75
       Hand axe          |       |       |   180 ||   180
       Morningstar       |       |       |     7 ||     7
 Cast: Sandblast         |    48 |    55 |     2 ||   105
       Stone Arrow       |       |    27 |   101 ||   128
       Stoneskin         |       |     2 |       ||     2
  Use: Scroll            |       |     9 |     7 ||    16
       Potion            |       |       |     5 ||     5
 Stab: Sleeping          |       |     1 |     3 ||     4
  Eat: Fruit             |     2 |       |     4 ||     6
       Chunk             |     1 |    10 |    11 ||    22
